 Dungeon Crawl Stone Soup version 0.23-a0-487-gc6253629db (webtiles) character file.

11792 Napalmbreeze the Thaumaturge (level 11, -12/87 HPs)
             Began as a Barachi Ice Elementalist on Dec 1, 2018.
             Was a High Priest of Vehumet.
             Killed from afar by a fire dragon (42 damage)
             ... with a blast of flame
             ... in a volcano.
             The game lasted 01:01:52 (14455 turns).

Napalmbreeze the Thaumaturge (BaIE)                Turns: 14455, Time: 01:01:52

Health: -12/87     AC:  5    Str:  9    XL:     11   Next: 83%
Magic:  20/33      EV: 17    Int: 18    God:    Vehumet [*****.]
Gold:   253        SH:  0    Dex: 14    Spells: 17/28 levels left

rFire    . . .     SeeInvis .   G - staff of wizardry
rCold    + + +     Gourm    .   (no shield)
rNeg     . . .     Faith    .   v - +0 steam dragon scales
rPois    .         Spirit   .   (no helmet)
rElec    .         Reflect  .   R - scarf {rC+ rF+}
rCorr    .         Harm     .   (no gloves)
MR       .....                  (no boots)
Stlth    ++........             M - amulet of magic regeneration
HPRegen  0.24/turn              y - ring of ice
MPRegen  0.48/turn              S - ring of the Everdark {rC+ MP+9}

@: can't hop, slow
A: +LOS, swims, slowness 1, strong legs 1
a: Hop, Renounce Religion


You were in a volcano.
You worshipped Vehumet.
Vehumet was extremely pleased with you.
You were not hungry.

You visited 2 branches of the dungeon, and saw 13 of its levels.
You also visited: Ossuary and Volcano.

You collected 673 gold pieces.
You spent 420 gold pieces at shops.

Inventory:

Hand Weapons
 o - a +2 dagger of speed
 F - a +1 dagger of venom
Missiles
 s - 8 javelins of returning (quivered)
Armour
 v - +0 steam dragon scales (worn)
 x - a +1 cloak
 J - a +0 shield
 Q - a +1 robe of magic resistance
 R - a scarf of resistance (worn)
Magical Staves
 l - an uncursed staff of conjuration
 G - an uncursed staff of wizardry (weapon)
 K - an uncursed staff of fire
Jewellery
 y - a ring of ice (left hand)
 B - an uncursed ring of magical power
 M - an amulet of magic regeneration (around neck)
 O - an uncursed amulet of the gourmand
 S - the ring of the Everdark (right hand) {rC+ MP+9}
   (You took it off a kobold on level 10 of the Dungeon)

   [ring of magical power]

   It protects you from cold.
   It affects your magic capacity (+9).
Wands
 a - a wand of disintegration (10)
 r - a wand of paralysis (10)
 w - a wand of digging (4)
 A - a wand of enslavement (17)
 C - a wand of flame (22)
Scrolls
 g - 6 scrolls of teleportation
 i - 3 scrolls of amnesia
 k - 2 scrolls of enchant armour
 m - 3 scrolls of remove curse
 n - 2 scrolls of magic mapping
 q - a scroll of fear
 t - 5 scrolls of enchant weapon
 E - 2 scrolls of blinking
 L - a scroll of noise {unknown}
 N - a scroll of fog {unknown}
 T - a scroll of holy word {unknown}
 V - a scroll of acquirement {unknown}
Potions
 b - 4 potions of flight {unknown}
 d - 2 potions of invisibility {unknown}
 f - 5 potions of mutation {unknown}
 h - 3 potions of degeneration {unknown}
 j - 4 potions of heal wounds {unknown}
 p - 4 potions of agility {unknown}
 u - 4 potions of berserk rage {unknown}
 z - a potion of might {unknown}
 D - 2 potions of ambrosia {unknown}
 H - a potion of lignification {unknown}
 P - 2 potions of haste {unknown}
Miscellaneous
 e - a sack of spiders
Comestibles
 c - 7 rations
 I - 8 chunks of flesh


   Skills:
 + Level 8.5 Fighting
 - Level 8.0 Dodging
 - Level 1.7 Stealth
 + Level 9.0 Spellcasting
 + Level 7.3 Conjurations
 - Level 8.0 Summonings
 - Level 8.0 Ice Magic
 + Level 3.6 Air Magic
 + Level 6.1 Evocations


You had 17 spell levels left.
You knew the following spells:

 Your Spells              Type           Power        Failure   Level  Hunger
a - Freeze                Ice            ####         1%          1    None
q - Summon Ice Beast      Ice/Summ       ######..     1%          4    ###....
s - Throw Frost           Conj/Ice       ######       1%          2    None
w - Summon Lightning Spi  Summ/Air       ####....     3%          4    ###....

Your spell library contained the following spells:

 Spells                   Type           Power        Failure   Level  Hunger
 Bolt of Draining         Conj/Necr      ###.......   6%          5    #####..
 Sting                    Conj/Pois      ###.         1%          1    None
 Summon Small Mammal      Summ           ####         1%          1    None
 Call Imp                 Summ           #####...     1%          2    None
 Call Canine Familiar     Summ           #####...     1%          3    None
 Mephitic Cloud           Conj/Pois/Air  ###.....     1%          3    None
 Ozocubu's Armour         Chrm/Ice       ####....     1%          3    None
 Summon Guardian Golem    Hex/Summ       ###.....     1%          3    None
 Throw Icicle             Conj/Ice       ######..     1%          4    ###....
 Poisonous Vapours        Pois/Air       ##....       2%          2    None
 Confusing Touch          Hex            #.....       3%          1    None
 Venom Bolt               Conj/Pois      ###.......   6%          5    #####..
 Olgreb's Toxic Radiance  Pois           #.......     10%         4    ###....
 Confuse                  Hex            #.......     11%         3    None
 Gell's Gravitas          Tloc           #.........   11%         3    None
 Metabolic Englaciation   Hex/Ice        ####......   19%         5    #####..
 Yara's Violent Unravell  Hex/Tmut       #.........   24%         5    #####..
 Petrify                  Tmut/Erth      #.......     32%         4    ###....


Dungeon Overview and Level Annotations

Branches:
Dungeon (10/15)            Temple (0/1) D:6            Lair (3/6) D:10
  Swamp: Lair:2-4    Shoals: Lair:2-4     Snake: Lair:2-4    Spider: Lair:2-4
    Orc: D:9-12

Altars:
Elyvilon
Gozag
Nemelex Xobeh
Okawaru
Qazlal
Ru
Trog
Vehumet
Wu Jian

Shops:
D:6 :   D:8 =


Innate Abilities, Weirdness & Mutations

Shadows flee at your approach. (+LOS)
You can swim through water.
You cover ground slowly.
You can hop short distances.


Message History

Your ice beast melts!
Something melts your ice beast.
Your ice beast dies!
Unknown command.
Casting: Summon Ice Beast (safe; 1% risk of failure)
Confirm with . or Enter, or press ? or * to list all spells.
You feel a surge of power! A chill wind blows around you.
The fire dragon breathes flames at you.
The blast of flame hits the plant.
The blast of flame misses you.
Unknown command.
Your ice beast hits the fire dragon but does no damage.
The fire dragon bites something!
The fire dragon claws something!
The fire dragon barely misses something.
Something completely misses the plant.
The fire dragon breathes flames at you. The blast of flame hits your ice beast.
Your ice beast melts!
Your ice beast dies!
The blast of flame hits you!
You die...

≈§......♣♣♣♣.≈§≈≈≈...♣≈≈≈≈§≈≈
≈≈♣....♣♣§§≈≈≈§§§P.P.≈§§§§§≈≈ ≈
§≈..P..♣§§§≈≈≈§♣♣...§≈§≈§§♣♣♣♣♣≈§
§≈≈....♣§§≈§≈≈♣♣P..P≈≈§§§♣♣.P...≈
§≈≈P)♣♣.§≈§≈§§♣P.P♣≈≈≈≈≈≈♣...)! .
♣♣≈≈...P§≈≈≈≈♣♣...§§≈≈§≈♣♣...♣.$.
P♣≈§♣§..♣≈≈§§♣P.♣§≈≈≈§≈♣♣...P...♣
♣♣§≈§P..P≈≈§§♣♣..P§§≈≈≈♣......N[.
)♣♣§≈..P.≈≈§≈♣..@♣§§≈§♣♣N♣♣....P.
..♣≈≈...♣♣≈§≈♣P.P§.≈≈≈♣P.♣♣ D.!..
♣.♣≈≈≈P..♣♣§§♣♣..§♣DN.....♣ ..♣.
P(♣♣≈≈♣♣.P≈≈§§♣♣..P.♣...♣P♣ ...
..P♣§≈≈P.♣.≈≈≈§♣♣..PY.P§♣♣♣ P.
.P.♣≈§≈§P..♣§§§≈§P..PP§§≈♣ .
..♣♣§§≈§..P♣♣≈§≈≈§P.♣≈§§§♣
.♣♣≈≈≈≈♣....♣§§≈≈≈§§≈≈≈§§≈§.
.♣≈§≈§§♣.♣.P♣≈≈§≈≈§.P♣####§≈≈


You could see a fire dragon and a salamander.

Vanquished Creatures
  A black mamba (Lair:2)
  A komodo dragon (Lair:1)
  A wyvern (D:10)
  A steam dragon (Volcano)
  A phantom (D:5)
  2 ogres
  2 crocodiles
  A bullfrog (Lair:2)
  An elf zombie (Ossuary)
  2 crimson imps (D:6)
  A bullfrog skeleton (D:6)
  Terence (D:2)
  A worker ant (D:9)
  An iguana (D:9)
  A hound skeleton (D:10)
  A gnoll (D:4)
  10 adders
  A shadow imp (D:10)
  An ooze (D:2)
  An adder zombie (Ossuary)
  3 worms
  A dart slug (D:2)
  2 leopard geckos (D:1)
  5 orcs
  6 giant cockroaches
  9 goblins
  5 hobgoblins
  6 jackals
  11 kobolds
  A quokka (D:5)
  2 ball pythons (D:3)
  11 bats
  4 frilled lizards
  2 hobgoblin zombies (Ossuary)
  An orc zombie (Ossuary)
  8 rats
109 creatures vanquished.

Vanquished Creatures (collateral kills)
  2 hydras
  Erolcha (D:9)
  5 two-headed ogres
  The ghost of Naow the Cleaver, a novice FoFi of Okawaru (D:6)
  2 salamanders (Volcano)
  3 black mambas
  Psyche (D:8)
  A rime drake (Lair:2)
  3 spiny frogs
  3 komodo dragons
  A hornet (D:10)
  5 blink frogs (Lair:2)
  4 hippogriffs
  3 wyverns
  11 yaks
  A basilisk (Lair:2)
  5 fire bats (Volcano)
  2 steam dragons (Volcano)
  Edmund (D:5)
  5 water moccasins
  3 porcupines
  2 ice beasts
  2 orc warriors
  A sky beast (D:9)
  A black bear (D:8)
  8 ogres
  A necrophage (D:6)
  3 centaurs
  4 crocodiles
  A big kobold (D:10)
  9 bullfrogs
  4 scorpions
  14 killer bees
  2 crimson imps
  2 centaur zombies (D:10)
  2 human zombies (Ossuary)
  A quasit (D:7)
  6 hounds
  A jelly (D:8)
  10 orc priests
  A bullfrog skeleton (D:6)
  2 iguanas
  14 orc wizards
  4 worker ants
  A big kobold zombie (Ossuary)
  2 hound skeletons
  A hound zombie (D:5)
  2 mummies (Ossuary)
  2 worker ant zombies
  2 gnolls (D:4)
  16 adders
  A shadow imp (D:8)
  An ooze (D:7)
  An adder zombie (Ossuary)
  An adder skeleton (D:5)
  A worm (D:3)
  27 orcs
  2 goblins (D:3)
  2 hobgoblins (D:3)
  5 jackals
  A quokka (D:9)
  A ball python (D:3)
  A giant cockroach zombie (D:6)
  2 goblin zombies (Ossuary)
  13 hobgoblin zombies (Ossuary)
  2 jackal zombies
  5 kobolds (D:10)
  6 kobold zombies (Ossuary)
  5 orc zombies (Ossuary)
  A rat (D:3)
  A rat zombie (Ossuary)
  2 plants
265 creatures vanquished.

Vanquished Creatures (others)
  A wyvern (Volcano)
  2 steam dragons (Volcano)
  4 fungi (Lair:2)
  29 plants
36 creatures vanquished.

Grand Total: 410 creatures vanquished

Notes
Turn   | Place    | Note
-------+----------+-------------------------------------------
     0 | D:1      | Napalmbreeze the Barachi Ice Elementalist began the quest
                  | for the Orb.
     0 | D:1      | Reached XP level 1. HP: 13/13 MP: 3/3
   309 | D:1      | Reached XP level 2. HP: 19/19 MP: 0/5
   800 | D:1      | Reached XP level 3. HP: 24/24 MP: 4/7
   804 | D:1      | Learned a level 2 spell: Throw Frost
  1092 | D:2      | Found a stormy altar of Qazlal.
  1489 | D:2      | Noticed Terence
  1497 | D:2      | Killed Terence
  1497 | D:2      | Reached skill level 3 in Spellcasting
  1497 | D:2      | Reached skill level 5 in Ice Magic
  1497 | D:2      | Reached XP level 4. HP: 18/30 MP: 2/8
  1506 | D:2      | Learned a level 4 spell: Summon Ice Beast
  1792 | D:2      | Found a radiant altar of Vehumet.
  1800 | D:2      | Became a worshipper of Vehumet
  2110 | D:2      | Reached skill level 1 in Summonings
  2279 | D:2      | Found an ornate altar of the Wu Jian Council.
  2353 | D:2      | Noticed a phantom
  2950 | D:3      | Reached XP level 5. HP: 35/35 MP: 4/10
  3077 | D:3      | Reached * piety under Vehumet
  3077 | D:3      | Offered knowledge of Flame Tongue by Vehumet.
  3208 | D:3      | Noticed a hippogriff
  3781 | D:4      | Reached XP level 6. HP: 9/41 MP: 5/11
  4525 | D:5      | Entered Level 5 of the Dungeon
  4593 | D:5      | Noticed a phantom
  4709 | D:5      | Killed a phantom
  4709 | D:5      | Reached skill level 4 in Spellcasting
  4979 | D:5      | Found an iron altar of Okawaru.
  4979 | D:5      | Found a sacrificial altar of Ru.
  5171 | D:5      | Found a bloodstained altar of Trog.
  5276 | D:5      | Reached XP level 7. HP: 46/46 MP: 6/13
  5373 | D:5      | Noticed Edmund
  5420 | D:5      | Killed Edmund
  5420 | D:5      | Reached skill level 5 in Summonings
  5719 | D:6      | Offered knowledge of Shock by Vehumet.
  5722 | D:6      | Reached ** piety under Vehumet
  6097 | D:6      | Reached XP level 8. HP: 29/52 MP: 6/15
  6203 | D:6      | Reached skill level 5 in Spellcasting
  6368 | D:6      | Found a staircase to the Ecumenical Temple.
  6387 | D:6      | Found a runed door.
  6864 | D:6      | Found Urphacall's Book Shop.
  7062 | D:6      | Noticed Naow's ghost (novice FoFi)
  7282 | D:6      | Killed Naow's ghost
  7282 | D:6      | Reached skill level 1 in Fighting
  7360 | D:7      | Noticed a hippogriff
  7369 | D:7      | Killed a hippogriff
  7369 | D:7      | Offered knowledge of Inner Flame by Vehumet.
  7502 | D:7      | Noticed a hippogriff
  7507 | D:7      | Reached XP level 9. HP: 47/62 MP: 15/17
  7513 | D:7      | Reached skill level 6 in Spellcasting
  7545 | D:7      | Found a sand-covered staircase.
  7551 | Ossuary  | Entered an ossuary
  7574 | Ossuary  | Reached *** piety under Vehumet
  7627 | Ossuary  | Offered knowledge of Sticky Flame by Vehumet.
  7926 | D:7      | You fall through a shaft!
  7937 | D:8      | Reached **** piety under Vehumet
  8048 | D:7      | Found an opulent altar of Gozag.
  8049 | D:7      | Found a sparkling altar of Nemelex Xobeh.
  8239 | D:7      | Offered knowledge of Fireball by Vehumet.
  8349 | D:7      | Found a white marble altar of Elyvilon.
  8924 | D:8      | Noticed a two-headed ogre
  8934 | D:8      | Killed a two-headed ogre
  8934 | D:8      | Reached skill level 5 in Dodging
  9027 | D:8      | Found Zipiu's Jewellery Emporium.
  9069 | D:8      | Noticed Psyche
  9082 | D:8      | Killed Psyche
  9082 | D:8      | Reached skill level 5 in Fighting
  9082 | D:8      | Reached skill level 7 in Spellcasting
  9082 | D:8      | Reached skill level 1 in Evocations
  9381 | D:9      | Noticed Erolcha
  9409 | D:9      | Killed Erolcha
  9409 | D:9      | Reached XP level 10. HP: 71/76 MP: 17/20
  9739 | D:9      | Reached ***** piety under Vehumet
  9789 | D:9      | Offered knowledge of Bolt of Draining by Vehumet.
  9797 | D:9      | Noticed a two-headed ogre
  9805 | D:9      | Killed a two-headed ogre
 10091 | D:10     | Entered Level 10 of the Dungeon
 10091 | D:10     | Found a staircase to the Lair.
 10181 | D:10     | Reached skill level 5 in Conjurations
 10674 | D:10     | Identified the ring of the Everdark {rC+ MP+9}
 11433 | Lair:1   | Entered Level 1 of the Lair of Beasts
 11473 | Lair:1   | Noticed a spiny frog
 11474 | Lair:1   | Noticed a six-headed hydra
 11483 | Lair:1   | Reached skill level 8 in Spellcasting
 11493 | Lair:1   | Killed a six-headed hydra
 11499 | Lair:1   | Killed a spiny frog
 11532 | Lair:1   | Noticed a spiny frog
 11539 | Lair:1   | Killed a spiny frog
 11549 | Lair:1   | Noticed a black mamba
 11560 | Lair:1   | Killed a black mamba
 11560 | Lair:1   | Reached XP level 11. HP: 65/84 MP: 23/23
 11823 | D:6      | Bought a book of Callings for 420 gold pieces
 11828 | D:6      | Learned a level 4 spell: Summon Lightning Spire
 12523 | Lair:2   | Reached skill level 1 in Air Magic
 12549 | Lair:2   | Noticed a six-headed hydra
 12560 | Lair:2   | Reached skill level 5 in Evocations
 12570 | Lair:2   | Killed a six-headed hydra
 13759 | Lair:3   | Found a dark tunnel.
 13836 | Volcano  | Entered a volcano
 13837 | Volcano  | Noticed a two-headed ogre
 13845 | Volcano  | Killed a two-headed ogre
 13873 | Volcano  | Noticed a two-headed ogre
 13880 | Volcano  | Noticed a salamander
 13883 | Volcano  | Killed a two-headed ogre
 13917 | Volcano  | Killed a salamander
 14323 | Volcano  | Noticed a two-headed ogre
 14334 | Volcano  | Killed a two-headed ogre
 14366 | Volcano  | Reached skill level 9 in Spellcasting
 14375 | Volcano  | Noticed a salamander
 14389 | Volcano  | Killed a salamander
 14440 | Volcano  | Noticed a fire dragon
 14440 | Volcano  | Noticed a salamander
 14455 | Volcano  | Killed from afar by a fire dragon

Vault maps used:
D:1:      dpeg_arrival_signposts, minmay_misc_feat_chi
D:2:      vehumet_crystals, old_standard_altar, first_ration,
          serial_park_tiny_2, nicolae_qazlal_general_emergency, uniq_terence
D:3:      lightli_corner_chamber
D:4:      hangedman_decor_opposing
D:5:      nicolae_overflow_hidden_temple, glass_columns_c, uniq_edmund
D:6:      minmay_temple_entry_stoned_glass, ebering_ghost_reflecting_pool,
          serial_shops, shop, minmay_fractal_squares_diagonal_5
D:7:      grunt_temple_overflow_opulence, elyvilon_altar_3,
          nicolae_ossuary_entry_monument
D:8:      serial_shops, nicolae_shop_competitors_out_of_business, uniq_psyche
D:9:      uniq_erolcha
D:10:     lair_entry_dummy
Lair:1:   grunt_megastairs_5
Lair:2:   minmay_lair_venomous_thicket, infiniplex_staircase_pool
Lair:3:   nicolae_volcano_entry_two_sided
Ossuary:  ossuary_tomb_1
Volcano:  pf_volcano_lost_world

Skill      XL: |  1  2  3  4  5  6  7  8  9 10 11 |
---------------+----------------------------------+-----
Ice Magic      | 4 5 6 7 8 |  8.0
Spellcasting   | 3 4 5 7 8 9 |  9.0
Summonings     | 1 3 4 6 8 |  8.0
Fighting       | 2 5 7 8 |  8.5
Dodging        | 3 5 7 8 |  8.0
Conjurations   | 4 6 7 |  7.3
Evocations     | 2 4 6 |  6.1
Air Magic      | 3 |  3.6
Stealth        | |  1.7

Action                   |  1- 3 |  4- 6 |  7- 9 | 10-12 || total
-------------------------+-------+-------+-------+-------++-------
Melee: Dagger            |    42 |    67 |   136 |    84 ||   329
       Staff             |       |       |       |     5 ||     5
 Cast: Freeze            |    46 |    46 |     8 |     7 ||   107
       Throw Frost       |     7 |    33 |     9 |     6 ||    55
       Summon Ice Beast  |       |    20 |    83 |   110 ||   213
       Summon Lightning  |       |       |       |     9 ||     9
 Abil: Hop               |       |       |     3 |     4 ||     7
Evoke: Wand              |       |       |       |     5 ||     5
  Use: Potion            |       |     1 |     1 |     3 ||     5
       Scroll            |       |       |     6 |     8 ||    14
 Stab: Sleeping          |     1 |     1 |     3 |     1 ||     6
       Distracted        |     1 |     1 |     1 |     1 ||     4
  Eat: Chunk             |     3 |    13 |    12 |    20 ||    48
       Ration            |       |     2 |     4 |     3 ||     9
Armor: Robe              |    26 |    12 |    31 |    16 ||    85
       Steam dragon scal |       |       |       |     4 ||     4
Dodge: Dodged            |    52 |    75 |   111 |   115 ||   353

Table legend:
 A = Non-vault XP
 B = Vault XP
 C = Vault XP percentage of total XP
 D = Non-vault monster count
 E = Vault monster count
 F = Vault count percentage of total count
                 A         B        C        D         E       F
            +---------+---------+-------+---------+---------+-------
      Total |   10818 |    6029 |  35.8 |     286 |      87 |  23.3
            +---------+---------+-------+---------+---------+-------
        D:1 |      44 |       0 |   0.0 |      28 |       0 |   0.0
        D:2 |      64 |      36 |  36.0 |      23 |       1 |   4.2
        D:3 |      83 |       0 |   0.0 |      31 |       0 |   0.0
        D:4 |     187 |       0 |   0.0 |      13 |       0 |   0.0
        D:5 |     260 |     113 |  30.3 |      12 |       1 |   7.7
        D:6 |     767 |     524 |  40.6 |      33 |       5 |  13.2
        D:7 |     716 |       0 |   0.0 |      23 |       0 |   0.0
        D:8 |    1192 |     224 |  15.8 |      25 |       1 |   3.8
        D:9 |    1343 |     484 |  26.5 |      31 |       1 |   3.1
       D:10 |    1474 |       0 |   0.0 |      34 |       0 |   0.0
     Lair:1 |    2011 |     232 |  10.3 |      12 |       2 |  14.3
     Lair:2 |    2478 |    1060 |  30.0 |      20 |      15 |  42.9
     Lair:3 |     199 |       0 |   0.0 |       1 |       0 |   0.0
    Ossuary |       0 |     171 | 100.0 |       0 |      39 | 100.0
    Volcano |       0 |    3185 | 100.0 |       0 |      22 | 100.0
            +---------+---------+-------+---------+---------+-------
